 Dungeon Crawl Stone Soup version 0.28-b1-1-g3c77fb2ed1 (webtiles) character file.

Game seed: 6702098981612273174

338 DerDa the Slasher (level 6, -3/53 HPs)
             Began as a Gnoll Cinder Acolyte on Jan 28, 2022.
             Was a High Priest of Ignis.
             Slain by an iguana (5 damage)
             ... on level 4 of the Dungeon.
             The game lasted 00:06:53 (4164 turns).

DerDa the Slasher (Gnoll Cinder Acolyte)            Turns: 4164, Time: 00:06:54

Health: -3/53      AC:  5    Str: 22    XL:     6   Next: 55%
Magic:  11/11      EV: 11    Int: 13    God:    Ignis [*****.]
Gold:   126        SH:  0    Dex:  7    Spells: 11/11 levels left

rFire   + + .      SeeInvis .   a - -1 falchion (flame)
rCold   . . .      Faith    .   (no shield)
rNeg    . . .      Spirit   .   h - +2 leather armour of the Buccaneer {Drain rF+ Str+6}
rPois   .          Reflect  .   (no helmet)
rElec   .          Harm     .   o - scarf {+Inv}
rCorr   .          Rampage  .   (no gloves)
Will    .....                   (no boots)
Stlth   +.........              (no amulet)
HPRegen 0.17/turn               (no ring)
MPRegen 0.12/turn               (no ring)

@: no status effects
A: fangs 1, strong nose, distributed training
a: Renounce Religion, Evoke Invisibility, Fiery Armour, Foxfire Swarm, Rising
Flame


You were on level 4 of the Dungeon.
You worshipped Ignis.
Ignis was extremely pleased with you.
You visited 1 branch of the dungeon, and saw 4 of its levels.

You collected 126 gold pieces.

Inventory:

Hand Weapons
 a - a -1 falchion of flaming (weapon)
 s - a +0 arbalest
Missiles
 m - a boomerang
 p - 8 poisoned darts (quivered)
Armour
 b - a +0 robe
 h - the +2 leather armour of the Buccaneer (worn) {Drain rF+ Str+6}
   (You found it on level 2 of the Dungeon)

   Str:       It affects your strength (+6).
   rF:        It protects you from fire.
   Drain:     It drains your maximum health when unequipped.
 o - a scarf of invisibility (worn)
Jewellery
 k - an amulet of faith
 q - a ring of flight
Wands
 n - a wand of mindburst (10)
Scrolls
 e - 6 scrolls of identify {unknown}
 f - a scroll of magic mapping {unknown}
 g - a scroll of enchant armour {unknown}
 l - a scroll of noise {unknown}
 r - a scroll of fog {unknown}
Potions
 c - a potion of ambrosia
 d - a potion of resistance {unknown}
 i - 3 potions of magic {unknown}
 j - a potion of haste {unknown}
 t - a potion of heal wounds {unknown}
 u - a potion of degeneration {unknown}


   Skills:
 + Level 6.8 Fighting
 + Level 2.0 Short Blades
 + Level 6.8 Long Blades
 + Level 2.0 Axes
 + Level 2.0 Maces & Flails
 + Level 2.0 Polearms
 + Level 2.0 Staves
 + Level 2.0 Slings
 + Level 2.0 Bows
 + Level 2.0 Crossbows
 + Level 2.0 Throwing
 + Level 2.0 Armour
 + Level 2.0 Dodging
 + Level 2.0 Stealth
 + Level 2.0 Shields
 + Level 2.0 Unarmed Combat
 + Level 3.4 Spellcasting
 + Level 1.6 Conjurations
 + Level 1.6 Hexes
 + Level 1.6 Summonings
 + Level 1.6 Necromancy
 + Level 1.6 Translocations
 + Level 1.6 Transmutations
 + Level 5.7 Fire Magic
 + Level 1.6 Ice Magic
 + Level 1.6 Air Magic
 + Level 1.6 Earth Magic
 + Level 1.6 Poison Magic
 + Level 2.2 Invocations
 + Level 2.0 Evocations


You had 11 spell levels left.
You didn't know any spells.
Your spell library contained the following spells:

 Spells                   Type           Power      Damage    Failure   Level
 Scorch                   Fire           34%        2d6       3%          2
 Blink                    Tloc           12%        N/A       21%         2
 Lesser Beckoning         Tloc           6%         N/A       36%         3
 Manifold Assault         Tloc           6%         N/A       98%         5


Dungeon Overview and Level Annotations

Branches:
Dungeon (4/15)
 Temple: D:4-7

Altars:


Innate Abilities, Weirdness & Mutations

You have very sharp teeth.
Your uncanny sense of smell can sniff out nearby items.
Your experience applies equally to all skills.


Message History

The gnoll is almost dead.
The gnoll barely misses you. The gnoll hits you with a +0 club.
You hit the gnoll. You burn the gnoll.
You kill the gnoll!
The gnoll hits you but does no damage. The gnoll hits you with a +0 spear.
You see here a +0 club.
You completely miss the gnoll. Your punch misses the gnoll.
The gnoll hits you with a +0 spear!
You closely miss the gnoll. The gnoll barely misses you.
You hit the gnoll. You burn the gnoll.
The gnoll is lightly wounded.
An iguana comes into view.
The gnoll hits you with a +0 spear.
You hit the gnoll. You burn the gnoll.
The gnoll is severely wounded.
The gnoll hits you but does no damage.
You barely miss the gnoll.
The gnoll is severely wounded.
The gnoll hits you with a +0 spear.
You hit the gnoll. You burn the gnoll.
You kill the gnoll!
The iguana barely misses you.
You hit the iguana but do no damage. The iguana bites you.
You hit the iguana but do no damage. The iguana barely misses you.
You slash the iguana! You burn the iguana.
The iguana is severely wounded.
The iguana closely misses you.
You barely miss the iguana.
The iguana is severely wounded.
The iguana bites you!
* * * LOW HITPOINT WARNING * * *
You hit the iguana but do no damage.
The iguana is severely wounded.
The iguana bites you!
* * * LOW HITPOINT WARNING * * *
You hit the iguana but do no damage.
The iguana is severely wounded.
The iguana bites you.
You die...

## ∆ ... # #.....
##. #..... .... ..
#.....
###..######....
#.....
......l.)....#
#..... ###.##@##
#..... #.......#
#..... #.#.....#
##..... #####.#
....... #.#
########## ∆ #.#
#.........
####.######.###.....
+...........# #.....
####.######## #.....


You could see an iguana.

Vanquished Creatures
  A centaur (D:3)
  A scorpion (D:4)
  An orc priest (D:3)
  3 gnolls (D:4)
  2 adders (D:2)
  3 worms
  2 dart slugs (D:1)
  10 orcs
  7 ball pythons
  9 endoplasms
  A giant cockroach (D:3)
  10 goblins
  8 hobgoblins
  9 jackals
  3 quokkas
  9 bats
  5 frilled lizards
  4 kobolds
  8 rats
96 creatures vanquished.

Notes
Turn   | Place    | Note
-------+----------+-------------------------------------------
     0 | D:1      | DerDa the Gnoll Cinder Acolyte began the quest for the Orb.
     0 | D:1      | Reached XP level 1. HP: 23/23 MP: 4/4
   162 | D:1      | Reached XP level 2. HP: 28/29 MP: 5/5
   642 | D:1      | Found a faded altar of an unknown god.
   691 | D:1      | Reached XP level 3. HP: 33/35 MP: 7/7
  1054 | D:1      | Reached skill level 1 in Invocations
  1621 | D:2      | Identified the +2 leather armour of the Buccaneer {Drain
                  | rF+ Str+6}
  1626 | D:2      | Reached skill level 1 in Short Blades
  1626 | D:2      | Reached skill level 1 in Axes
  1626 | D:2      | Reached skill level 1 in Maces & Flails
  1626 | D:2      | Reached skill level 1 in Polearms
  1626 | D:2      | Reached skill level 1 in Staves
  1626 | D:2      | Reached skill level 1 in Slings
  1626 | D:2      | Reached skill level 1 in Bows
  1626 | D:2      | Reached skill level 1 in Crossbows
  1626 | D:2      | Reached skill level 1 in Throwing
  1626 | D:2      | Reached skill level 1 in Armour
  1626 | D:2      | Reached skill level 1 in Dodging
  1626 | D:2      | Reached skill level 1 in Stealth
  1626 | D:2      | Reached skill level 1 in Shields
  1626 | D:2      | Reached skill level 1 in Unarmed Combat
  1626 | D:2      | Reached skill level 1 in Evocations
  1717 | D:2      | Reached XP level 4. HP: 41/41 MP: 8/8
  2466 | D:3      | Reached skill level 1 in Conjurations
  2466 | D:3      | Reached skill level 1 in Hexes
  2466 | D:3      | Reached skill level 1 in Summonings
  2466 | D:3      | Reached skill level 1 in Necromancy
  2466 | D:3      | Reached skill level 1 in Translocations
  2466 | D:3      | Reached skill level 1 in Transmutations
  2466 | D:3      | Reached skill level 1 in Ice Magic
  2466 | D:3      | Reached skill level 1 in Air Magic
  2466 | D:3      | Reached skill level 1 in Earth Magic
  2466 | D:3      | Reached skill level 1 in Poison Magic
  2810 | D:3      | Reached XP level 5. HP: 4/47 MP: 9/9
  3066 | D:3      | Noticed a centaur
  3077 | D:3      | Killed a centaur
  3493 | D:3      | Reached XP level 6. HP: 52/53 MP: 10/10
  4163 | D:4      | HP: 2/53 [iguana (10)]
  4164 | D:4      | Slain by an iguana

Illustrated notes

Levels and vault maps discovered:
D:1:      noname_arrival_rooms_in_the_neighbourhood, layout_basic,
          ebering_ecumenical_altar_sacrificial, hex_intersection
D:2:      layout_loops_ring
D:3:      cheibrodos_pilgrimage, layout_basic, chequers_arboretum
D:4:      layout_basic

Skill      XL: |  1  2  3  4  5  6 |
---------------+-------------------+-----
Invocations    | 1 2 |  2.2
Short Blades   | 1 2 |  2.0
Axes           | 1 2 |  2.0
Maces & Flails | 1 2 |  2.0
Polearms       | 1 2 |  2.0
Staves         | 1 2 |  2.0
Slings         | 1 2 |  2.0
Bows           | 1 2 |  2.0
Crossbows      | 1 2 |  2.0
Throwing       | 1 2 |  2.0
Armour         | 1 2 |  2.0
Dodging        | 1 2 |  2.0
Stealth        | 1 2 |  2.0
Shields        | 1 2 |  2.0
Unarmed Combat | 1 2 |  2.0
Evocations     | 1 2 |  2.0
Spellcasting   | 3 |  3.4
Conjurations   | 1 |  1.6
Hexes          | 1 |  1.6
Summonings     | 1 |  1.6
Necromancy     | 1 |  1.6
Translocations | 1 |  1.6
Transmutations | 1 |  1.6
Ice Magic      | 1 |  1.6
Air Magic      | 1 |  1.6
Earth Magic    | 1 |  1.6
Poison Magic   | 1 |  1.6
Fighting       | |  6.8
Long Blades    | |  6.8
Fire Magic     | |  5.7

Action                   |  1- 3 |  4- 6 || total
-------------------------+-------+-------++-------
Melee: Falchion          |   133 |   198 ||   331
       Bite              |     9 |    17 ||    26
       Punch             |     2 |     3 ||     5
  Use: Potion            |       |     1 ||     1
 Stab: Sleeping          |       |     2 ||     2
Armor: Robe              |    20 |       ||    20
       Leather armour    |     8 |    55 ||    63
Dodge: Dodged            |    82 |    92 ||   174
